Map: 粉红之都 - 天梯版

Players

YueSE - Winner!

  • Race: Zerg Zerg
  • League: Diamond

曾经沧海难为水

  • Race: Terran Terran
  • League: Diamond

VOD

Have the link to the VOD?

Description

Time

  • Played on: March 30, 2018, 12:11 p.m.
  • Length: 9:31
Show
View Real Time Build Order
Export as new Build Order

YueSE Zerg - Winner!

Build Orders: Hatch First 

Get SALT Encoding   

  12  0:01  Drone  
  13  0:13  Overlord  
  13  0:17  Drone  
  14  0:31  Drone x2  
  16  0:35  Drone  
  17  0:53  Hatchery  
  17  0:56  Drone  
  17  1:00  Drone  
  18  1:09  Extractor  
  17  1:13  Spawning Pool  
  17  1:16  Drone  
  17  1:20  Drone  
  18  1:28  Drone  
  19  1:39  Overlord  
  19  2:01  Zergling x4  
  19  2:02  Queen  
  19  2:04  Queen  
  19  2:05  Zergling x2  
  26  2:09  Metabolic Boost  
  26  2:11  Drone  
  27  2:16  Drone  
  27  2:22  Drone  
  29  2:29  Drone  
  30  2:35  Drone  
  31  2:41  Queen  
  32  2:52  Overlord  
  32  2:58  Extractor, Drone  
  32  2:59  Drone x3  
  35  3:06  Drone  
  36  3:17  Hatchery, Overlord  
  36  3:18  Drone x2  
  38  3:24  Drone  
  38  3:26  Drone  
  38  3:27  Overlord  
  40  3:28  Drone  
  40  3:29  Drone  
  40  3:33  Drone  
  43  3:36  Overlord  
  43  3:44  Drone  
  44  3:49  Drone  
  44  3:52  Drone x2  
  44  3:53  Queen x2, Drone  
  52  3:56  Drone  
  52  3:57  Drone  
  52  3:58  Drone  
  52  4:01  Overlord  
  55  4:03  Drone  
  56  4:10  Drone  
  56  4:15  Drone  
  58  4:20  Drone  
  58  4:21  Drone x2  
  58  4:22  Drone  
  58  4:23  Drone x2  
  64  4:24  Drone  
  64  4:25  Drone  
  64  4:29  Overlord  
  66  4:32  Queen x2  
  66  4:36  Queen  
  72  4:38  Zergling x2  
  72  4:40  Zergling x2  
  74  4:46  Zergling x4  
  74  4:47  Overlord  
  74  4:52  Evolution Chamber  
  75  4:53  Zergling x6, Evolution Chamber  
  75  4:54  Zergling x2  
  75  4:58  Zergling x2  
  79  5:03  Zergling x4  
  79  5:06  Zergling x6  
  84  5:11  Zergling x2  
  85  5:16  Zergling x4  
  85  5:17  Hatchery  
  85  5:20  Zergling x6  
  89  5:21  Zerg Ground Armor Level 1, Zerg Melee Weapons Level 1  
  89  5:23  Overlord  
  88  5:29  Baneling Nest  
  88  5:31  Zergling x4  
  88  5:38  Drone x3  
  88  5:40  Drone  
  88  5:41  Drone x2  
  94  5:46  Extractor  
  94  5:47  Extractor  
  94  5:48  Extractor  
  94  5:49  Extractor x2  
  90  5:50  Drone x4  
  90  5:53  Drone  
  90  5:54  Drone  
  95  5:58  Drone  
  95  6:02  Drone  
  97  6:04  Hatchery  
  97  6:08  Lair  
  97  6:10  Drone x3  
  99  6:16  Drone x7  
  106  6:19  Overlord  
  106  6:21  Overlord x3  
  106  6:27  Overlord  
  106  6:38  Overlord  
  106  6:40  Zergling x10  
  106  6:43  Queen  
  106  6:44  Baneling x2  
  106  6:45  Baneling x3  
  113  6:52  Drone  
  114  6:57  Drone x8  
  122  7:02  Drone x3  
  124  7:10  Zergling x4  
  124  7:12  Baneling x5  
  124  7:15  Centrifugal Hooks  
  125  7:17  Drone  
  125  7:18  Spire, Zergling x2  
  125  7:19  Zergling x4  
  128  7:24  Zergling x10  
  128  7:29  Overlord  
  133  7:32  Zergling x2  
  133  7:33  Zergling x12  
  140  7:44  Zergling x12  
  138  7:48  Zergling x2  
  138  7:49  Drone x3  
  138  7:50  Drone  
  148  7:53  Overlord  
  148  7:59  Overlord x4  
  148  8:04  Zergling x20  
  158  8:07  Baneling x8  
  158  8:12  Overlord x3  
  158  8:19  Zergling x16  
  166  8:27  Baneling x4  
  166  8:28  Baneling x5  
  166  8:34  Mutalisk x6  
  166  8:36  Overseer  
  166  8:38  Pneumatized Carapace, Zergling x2  
  166  8:39  Zergling x2  
  180  8:44  Mutalisk  
  180  8:45  Mutalisk  
  180  8:47  Zergling x12  
  190  8:56  Zergling x8  
  194  9:03  Mutalisk  
  194  9:04  Mutalisk  
  194  9:05  Hatchery  
  194  9:06  Mutalisk  
  199  9:10  Baneling  
  199  9:11  Baneling x3  
Show
View Real Time Build Order
Export as new Build Order

曾经沧海难为水 Terran 

Build Orders: Reaper Expand 

Get SALT Encoding   

  12  0:00  SCV  
  13  0:12  SCV  
  14  0:18  Supply Depot  
  14  0:24  SCV  
  15  0:40  SCV  
  15  0:41  Barracks  
  16  0:45  Refinery  
  16  0:52  SCV  
  17  1:04  SCV  
  18  1:16  SCV  
  19  1:29  Orbital Command, Reaper  
  20  1:43  Command Center  
  20  1:55  SCV  
  20  1:59  Barracks  
  21  2:06  Barracks Reactor  
  21  2:12  SCV  
  21  2:13  Supply Depot  
  22  2:21  Refinery  
  22  2:24  SCV  
  23  2:30  Factory  
  23  2:40  SCV  
  23  2:43  Marine x2  
  26  2:50  Barracks Tech Lab  
  26  3:02  SCV  
  26  3:03  Orbital Command  
  27  3:07  Marine x2  
  27  3:10  Marine  
  29  3:24  Starport  
  29  3:25  Marine x2  
  29  3:26  SCV  
  32  3:31  Stimpack, SCV  
  32  3:33  Marine, Factory Reactor  
  34  3:38  SCV  
  35  3:42  Marine  
  35  3:43  Bunker  
  35  3:45  Marine  
  37  3:55  SCV x2  
  39  3:58  Marine  
  39  4:00  Marine  
  41  4:06  Marine  
  41  4:07  Supply Depot, SCV  
  41  4:08  SCV  
  44  4:17  Supply Depot  
  44  4:18  Medivac  
  44  4:20  SCV  
  44  4:21  Medivac  
  44  4:23  Marine  
  50  4:26  Marine  
  50  4:28  Marine  
  52  4:37  Engineering Bay  
  52  4:40  SCV  
  52  4:41  SCV  
  54  4:46  Engineering Bay  
  54  4:47  Marine x2  
  54  4:49  Marine  
  54  4:52  SCV  
  58  5:00  SCV  
  58  5:01  Medivac  
  58  5:02  Factory Tech Lab  
  58  5:04  Terran Infantry Weapons Level 1, SCV  
  58  5:06  Marine x2  
  64  5:11  Marine  
  64  5:12  Combat Shield  
  64  5:14  SCV  
  66  5:17  SCV  
  66  5:20  Supply Depot  
  67  5:25  Supply Depot  
  54  5:37  SCV x2  
  54  5:39  Medivac  
  54  5:40  Marine x2  
  60  5:43  Command Center  
  60  5:45  Terran Infantry Armor Level 1  
  60  5:50  SCV x2  
  60  5:52  Refinery  
  60  5:53  Refinery  
  60  5:55  Marine  
  63  5:58  Marine  
  63  6:02  SCV  
  63  6:03  Marine  
  66  6:05  SCV  
  66  6:10  Barracks x2  
  67  6:12  Barracks  
  67  6:15  SCV  
  67  6:17  SCV  
  69  6:23  Marine x3  
  72  6:27  SCV  
  72  6:29  Armory, SCV  
  72  6:32  Liberator  
  74  6:41  Marine  
  74  6:43  SCV  
  74  6:44  Marine x2, SCV  
  79  6:51  Siege Tank  
  79  6:53  Concussive Shells  
  82  6:56  Medivac  
  82  6:58  SCV x2  
  82  6:59  Marine, Barracks Reactor  
  82  7:00  Barracks Reactor  
  87  7:02  Marine  
  87  7:09  Barracks Reactor  
  87  7:10  Orbital Command  
  87  7:12  SCV x2  
  88  7:24  SCV x2  
  88  7:28  Marine x2  
  94  7:36  SCV x2  
  94  7:46  Orbital Command  
  94  7:48  Marine, SCV  
  94  7:49  Marine, Marauder  
  94  7:51  SCV  
  95  7:55  Marine x6  
  100  8:06  Marine  
  101  8:17  Marine  
  101  8:18  Marauder, Siege Tank, Medivac x2, SCV x3  
  114  8:23  Marine x3, Supply Depot  
  117  8:27  Supply Depot  
  117  8:30  Refinery  
  117  8:31  Refinery  
  117  8:36  Supply Depot  
  117  8:37  Supply Depot  
  117  8:45  Marine x3, SCV x3, Marauder  
  125  8:49  Marine x5  
  125  8:50  Medivac  
  125  8:55  Supply Depot  
  132  8:57  Supply Depot, SCV, Medivac  
  132  8:59  SCV x2  
  137  9:03  Marine x3  
  137  9:05  Supply Depot  
  137  9:07  Marauder  
  137  9:09  SCV  
  143  9:11  SCV  
Tags
 
Add a new tag
Caveats
  • Supply blocks, unpowered buildings, or Contaminate may cause inaccurate times.
  • Supply counts are checked every 10 seconds.